 Dungeon Crawl Stone Soup version 0.30-b1-2-g02819fbbbe (webtiles) character file.

Game seed: 12839939213763072839

1155 Arzdou the Cleaver (level 8, -6/66 HPs)
             Began as a Hill Orc Monk on May 10, 2023.
             Mangled by a two-headed ogre
             ... wielding a +0 giant club
              (9 damage)
             ... on level 5 of the Dungeon on May 11, 2023.
             The game lasted 00:06:38 (4282 turns).

Arzdou the Cleaver (Hill Orc Monk)                  Turns: 4282, Time: 00:06:38

Health: -6/66      AC:  8    Str: 16    XL:     8   Next: 39%
Magic:  8/8        EV: 11    Int: 10    God:
Gold:   180        SH:  0    Dex: 13    Spells: 7/7 levels left

rFire   . . .        v - +2 hand axe (freeze)
rCold   . . .        d - orb {light}
rNeg    . . .        x - +0 ring mail
rPois   .            k - +1 helmet
rElec   .            (no cloak)
rCorr   .            (no gloves)
SInv    .            (no boots)
Will    .....        (no amulet)
Stlth   +            (no ring)
HPRegen 0.31/turn    (no ring)
MPRegen 0.11/turn

%: no passive effects
@: glowing
A: no striking features
a: no special abilities


You were on level 5 of the Dungeon.
You visited 1 branch of the dungeon, and saw 5 of its levels.

You collected 180 gold pieces.

Inventory:

Hand Weapons
 a - a +0 hand axe of protection
 v - a +2 hand axe of freezing (weapon)
Missiles
 e - 3 throwing nets (quivered)
Armour
 b - a +0 robe
 d - an orb of light (worn)
 k - a +1 helmet (worn)
 x - a +0 ring mail (worn)
Wands
 t - a wand of flame (1)
 u - a wand of digging (9)
Scrolls
 f - a scroll of poison {unknown}
 g - 2 scrolls of magic mapping {unknown}
 i - 6 scrolls of teleportation {unknown}
 l - 2 scrolls of enchant armour
 n - 2 scrolls of noise {unknown}
 o - a scroll of brand weapon
 p - 7 scrolls of identify {unknown}
 q - 2 scrolls of fog {unknown}
 r - 2 scrolls of silence {unknown}
 w - a scroll of torment {unknown}
Potions
 c - a potion of ambrosia
 h - 3 potions of lignification {unknown}
 j - a potion of cancellation {unknown}
 m - 4 potions of curing {unknown}
 s - a potion of brilliance {unknown}
 z - a potion of flight {unknown}


   Skills:
 - Level 4.2 Fighting
 - Level 10.0 Axes
 + Level 6.6 Armour
 - Level 2.8 Dodging


You had 7 spell levels left.
You didn't know any spells.
Your spell library contained the following spells:

 Spells                   Type           Power      Damage    Failure   Level
 Inner Flame              Hex/Fire       0%         N/A       89%         3
 Flame Wave               Conj/Fire      0%         2d4       100%        4
 Sticky Flame             Conj/Fire      0%         2d3       100%        4
 Summon Ice Beast         Ice/Summ       0%         N/A       100%        4
 Summon Mana Viper        Hex/Summ       0%         N/A       100%        5
 Yara's Violent Unravell  Hex/Tmut       0%         3d3       100%        5
 Enfeeble                 Hex            0%         N/A       100%        7
 Monstrous Menagerie      Summ           0%         N/A       100%        7


Dungeon Overview and Level Annotations

Branches:
Dungeon (5/15)
 Temple: D:4-7

Altars:
Elyvilon
Gozag
Sif Muna
Xom

Shops:
D:5 (

Annotations:
D:5 Dowan, Duvessa, Ijyb


Message History

The adder hisses angrily.
The two-headed ogre shouts in stereo!
A worm comes into view.
The orc closely misses you.
You hit the orc. You freeze the orc.
You kill the orc!
You hit the adder. You freeze the adder.
The adder is lightly wounded.
The adder barely misses you.
You closely miss the adder.
The adder is lightly wounded.
The adder barely misses you.
You hit the adder. You freeze the adder.
The adder is almost dead.
The adder closely misses you.
You slash the adder! You freeze the adder.
You kill the adder!
You hit the two-headed ogre. You freeze the two-headed ogre.
The two-headed ogre hits you with a +0 giant club!!
The two-headed ogre hits you with a +0 giant spiked club!!
* * * LOW HITPOINT WARNING * * *
You are too injured to fight recklessly!
You are too injured to fight recklessly!
You are too injured to fight recklessly!
You are too injured to fight recklessly!
You are too injured to fight recklessly!
You are too injured to fight recklessly!
You are too injured to fight recklessly!
You are too injured to fight recklessly!
You are too injured to fight recklessly!
You are too injured to fight recklessly!
Unknown command.
Okay, then.
As you read the scroll labelled TORAS DESYNYEN, it crumbles to dust.
It is a scroll of enchant armour.
Your +0 helmet glows green for a moment.
The two-headed ogre attacks as you move away!
The two-headed ogre hits you with a +0 giant club!
* * * LOW HITPOINT WARNING * * *
The two-headed ogre hits you with a +0 giant spiked club!
You die...

...............'...
...............#
...............#
#..####..###...#####..
#######..###'#........
.........#...######### .
.........#...............
.........#.....#####.....
...............'@O).w....
##.##..#..#....#.........
##.##..#########.........
'.......# #.........
#.......# #.........
#.......# ##.###....
#.......# #.# .###
###...### #.# . # #..#


You could see a two-headed ogre and a worm.

Vanquished Creatures
  Grinder (D:5)
  Eustachio (D:5)
  A black bear (D:4)
  2 ogres
  2 scorpions (D:4)
  2 hounds
  A gnoll bouda (D:5)
  An iguana (D:5)
  4 orc wizards
  Robin (D:2)
  3 gnolls (D:5)
  4 adders
  2 ufetubi (D:4)
  A worm (D:4)
  4 dart slugs
  11 orcs
  7 endoplasms
  7 giant cockroaches
  19 goblins
  12 hobgoblins
  4 jackals (D:2)
  2 quokkas
  6 ball pythons
  9 bats
  4 frilled lizards
  6 kobolds
  3 rats
120 creatures vanquished.

Vanquished Creatures (others)
  4 fungi (D:5)
4 creatures vanquished.

Grand Total: 124 creatures vanquished

Notes
Turn   | Place    | Note
-------+----------+-------------------------------------------
     0 | D:1      | Arzdou the Hill Orc Monk began the quest for the Orb.
     0 | D:1      | Reached XP level 1. HP: 19/19 MP: 1/1
   209 | D:1      | Reached XP level 2. HP: 26/27 MP: 2/2
   582 | D:2      | Reached XP level 3. HP: 28/33 MP: 3/3
   743 | D:2      | Identified the +0 helmet of Yrphuap {rF+ rN+ Slay+3 Stlth+}
   743 | D:2      | Noticed Robin
   777 | D:2      | Reached skill level 5 in Axes
   782 | D:2      | Killed Robin
   783 | D:2      | Reached XP level 4. HP: 19/40 MP: 4/4
  1653 | D:3      | Reached skill level 6 in Axes
  1702 | D:3      | Identified the +8 trident "Heamn" {chaos, +Blink rN+ Str+3
                  | Dex-5}
  1890 | D:3      | Found a shimmering altar of Xom.
  1979 | D:4      | Reached XP level 5. HP: 27/46 MP: 5/5
  2040 | D:4      | Noticed a black bear
  2160 | D:4      | Noticed an ogre
  2186 | D:4      | Reached skill level 7 in Axes
  2205 | D:4      | Killed an ogre
  2206 | D:4      | Reached skill level 8 in Axes
  2206 | D:4      | Reached XP level 6. HP: 13/52 MP: 6/6
  2490 | D:4      | Killed a black bear
  2491 | D:4      | Reached skill level 9 in Axes
  2612 | D:4      | Reached XP level 7. HP: 32/59 MP: 7/7
  3249 | D:5      | Entered Level 5 of the Dungeon
  3303 | D:5      | Noticed Dowan
  3304 | D:5      | Noticed Duvessa
  3304 | D:5      | Noticed Ijyb
  3310 | D:5      | Noticed Grinder
  3335 | D:5      | Paralysed by Grinder for 5 turns
  3348 | D:5      | Killed Grinder
  3349 | D:5      | Reached skill level 10 in Axes
  3446 | D:5      | Found an opulent altar of Gozag.
  3455 | D:5      | Found a white marble altar of Elyvilon.
  3459 | D:5      | Noticed Eustachio
  3484 | D:5      | HP: 1/59 [Eustachio/+6 rapier of speed (6)]
  3489 | D:5      | Killed Eustachio
  3490 | D:5      | Reached XP level 8. HP: 10/66 MP: 8/8
  3678 | D:5      | Found Joyluifalu's Weapon Shop.
  3689 | D:5      | Reached skill level 5 in Armour
  4201 | D:5      | Found a shimmering blue altar of Sif Muna.
  4273 | D:5      | Noticed a two-headed ogre
  4282 | D:5      | HP: 3/66 [two-headed ogre/+0 giant club (17)]
  4282 | D:5      | Mangled by a two-headed ogre

Illustrated notes

Levels and vault maps discovered:
D:1:      matt_arrival_spirals, layout_rooms, grunt_decor_junction
D:2:      layout_basic, minmay_worlds_worst_comb, uniq_robin
D:3:      layout_rooms, tgw_xom
D:4:      nicolae_cairo_tiling_large, layout_basic
D:5:      kennysheep_steamy, layout_gridville, nicolae_overflow_crystal_walls,
          grunt_temple_overflow_open, serial_shops, nicolae_shop_hallway_stairs,
          serial_co_window_serial, co_window_paths_a, co_window_paths_b,
          co_window_paths_a, co_window_corner_a, co_window_of_opportunity_a,
          co_window_paths_c, co_window_of_opportunity_b,
          co_window_unsneaky_path_d, co_window_broadway_c,
          co_window_of_opportunity_b, co_window_corner_ca, due_unseen_surprise,
          uniq_duvessa, uniq_ijyb, uniq_grinder, uniq_eustachio

Skill      XL: |  1  2  3  4  5  6  7  8 |
---------------+-------------------------+-----
Fighting       | 4 |  4.2
Axes           | 5 6 8 9 10 | 10.0
Armour         | 4 6 |  6.6
Dodging        | |  2.8

Action                     |  1- 3 |  4- 6 |  7- 9 || total
---------------------------+-------+-------+-------++-------
  Melee: Hand axe          |    92 |   155 |   111 ||   358
  Evoke: Wand              |       |       |     5 ||     5
    Use: Potion            |     1 |     2 |     2 ||     5
         Scroll            |       |     1 |     1 ||     2
 Armour: Robe              |    26 |    35 |       ||    61
         Ring mail         |       |     2 |    35 ||    37
  Dodge: Dodged            |    63 |   101 |    32 ||   196
